 Dungeon Crawl Stone Soup version 0.27-a0-1555-g0e7b3fb1d2 (webtiles) character file.

Game seed: 3173967862413116115

27458 bande the Cleaver (level 13, -2/80 HPs)
             Began as a Gargoyle Fighter on July 14, 2021.
             Was the Champion of Okawaru.
             Killed from afar by a lindwurm (39 damage)
             ... with a blast of flame
             ... on level 6 of the Lair of Beasts.
             The game lasted 00:36:29 (18487 turns).

bande the Cleaver (Gargoyle Fighter)               Turns: 18487, Time: 00:36:30

Health: -2/80      AC: 40    Str: 28 (31) XL:     13   Next: 32%
Magic:  19/19      EV:  8    Int:  7 (8)  God:    Okawaru [******]
Gold:   657        SH: 22    Dex: 19 (21) Spells: 12/12 levels left

rFire    . . .     SeeInvis .   a - +1 war axe (freeze)
rCold    + . .     Faith    .   t - +3 kite shield
rNeg     + . .     Spirit   .   O - +8 plate armour of the Planets {rC+ Dex+7}
rPois    ∞         Reflect  +   H - +0 helmet
rElec    +         Harm     .   (no cloak)
rCorr    .         Rampage  .   (no gloves)
Will     .....                  z - +0 pair of boots {Fly}
Stlth    ..........             j - amulet of reflection
HPRegen  0.23/turn              b - +4 ring of protection
MPRegen  0.16/turn              v - +6 ring of strength

@: flying
A: sickness immunity, AC +9, negative energy resistance 1, electricity
resistance, torment resistance 1, petrification resistance, iridescent scales 1,
thin skeletal structure 1, agile 1, wild magic 1
a: Renounce Religion, Heroism, Finesse


You were on level 6 of the Lair of Beasts.
You worshipped Okawaru.
Okawaru was exalted by your worship.
You visited 3 branches of the dungeon, and saw 16 of its levels.
You also visited: Sewer.

You collected 657 gold pieces.

Inventory:

Hand Weapons
 a - a +1 war axe of freezing (weapon)
 f - a +0 morningstar
 i - a +1 flail of holy wrath
 p - a +0 battleaxe of flaming
Missiles
 g - 10 atropa-tipped darts (quivered)
 A - 2 curare-tipped darts
 B - 4 throwing nets
Armour
 t - a +3 kite shield (worn)
 z - a +0 pair of boots of flying (worn)
 F - a +0 hat
 H - a +0 helmet (worn)
 O - the +8 plate armour of the Planets (worn) {rC+ Dex+7}
   (Okawaru gifted it to you on level 3 of the Lair of Beasts)

   Dex:       It affects your dexterity (+7).
   rC:        It protects you from cold.
Jewellery
 b - a +4 ring of protection (left hand)
 c - a +6 ring of dexterity
 d - a ring of positive energy
 j - an amulet of reflection (around neck)
 n - a ring of protection from cold
 v - a +6 ring of strength (right hand)
 K - an amulet of magic regeneration
 N - the ring of Ithruut {rN+ Str+2}
   (You found it on level 2 of the Lair of Beasts)

   [ring of positive energy]

   Str:       It affects your strength (+2).
   rN:        It protects you from negative energy.
 P - an amulet of faith
Wands
 l - a wand of flame (63)
 w - a wand of charming (7)
 x - a wand of acid (19)
 C - a wand of paralysis (15)
 D - a wand of iceblast (6)
 I - a wand of polymorph (8)
Scrolls
 e - 10 scrolls of teleportation
 r - a scroll of acquirement
 u - 3 scrolls of fog
 y - a scroll of enchant weapon
 E - 2 scrolls of identify
 G - 4 scrolls of amnesia
Potions
 h - 3 potions of mutation
 k - 2 potions of magic
 m - 2 potions of might
 o - 11 potions of curing
 q - 2 potions of heal wounds
 s - 2 potions of brilliance
 J - 2 potions of haste
 M - a potion of cancellation
Miscellaneous
 L - a box of beasts


   Skills:
 + Level 8.8 Fighting
 + Level 11.8 Axes
 + Level 8.5 Armour
 - Level 2.8 Dodging
 + Level 11.2 Shields
 * Level 8.4 Invocations
 * Level 7.1 Evocations


You had 12 spell levels left.
You didn't know any spells.
Your spell library contained the following spells:

 Spells                   Type           Power      Damage    Failure   Level
 Animate Skeleton         Necr           0%         N/A       100%        1
 Apportation              Tloc           0%         N/A       100%        1
 Corona                   Hex            0%         N/A       100%        1
 Foxfire                  Conj/Fire      0%         2x1d4     100%        1
 Summon Small Mammal      Summ           0%         N/A       100%        1
 Slow                     Hex            0%         N/A       100%        2
 Confusing Touch          Hex            0%         N/A       100%        3
 Conjure Flame            Conj/Fire      0%         6-21      100%        3
 Ignite Poison            Fire/Tmut/Pois 0%         N/A       100%        3
 Inner Flame              Hex/Fire       0%         N/A       100%        3
 Mephitic Cloud           Conj/Pois/Air  0%         N/A       100%        3
 Stone Arrow              Conj/Erth      0%         3d7       100%        3
 Vampiric Draining        Necr           0%         2d6       100%        3
 Dispel Undead            Necr           0%         3d6       100%        4
 Leda's Liquefaction      Hex/Erth       0%         N/A       100%        4
 Sticky Flame             Conj/Fire      0%         2d3       100%        4
 Bolt of Magma            Conj/Fire/Erth 0%         4d4       100%        5
 Haunt                    Necr/Summ      0%         N/A       100%        7
 Maxwell's Capacitive Co  Air            0%         ∞         100%        8
 Death's Door             Necr           0%         N/A       100%        9
 Shatter                  Erth           0%         3d5*      100%        9


Dungeon Overview and Level Annotations

Branches:
Dungeon (10/15)            Temple (1/1) D:5            Lair (4/6) D:10
  Swamp (0/4) Lair:3        Snake (0/4) Lair:2        Sewer (visited)
    Orc: D:9-12

Altars:
Ashenzari
Cheibriados
Dithmenos
Elyvilon
Fedhas
Gozag
Hepliaklqana
Kikubaaqudgha
Makhleb
Nemelex Xobeh
Okawaru
Qazlal
Ru
Sif Muna
Trog
Uskayaw
Vehumet
Wu Jian
Xom
Yredelemnul
Zin
The Shining One
Beogh

Shops:
D:2 =(*   D:10 *[

Annotations:
D:7 3 runed translucent doors, Laraso's ghost, novice HuDe
Lair:1 3 runed translucent doors, DocClef's ghost, journeyman GnDe


Innate Abilities, Weirdness & Mutations

You are immune to sickness and miasma.
Your stone body is resilient. (AC +9)
You are immune to poison.
You resist negative energy. (rN+)
You are resistant to electric shocks. (rElec)
You are resistant to unholy torment.
You are immune to petrification.
You are partially covered in iridescent scales. (AC +2)
You have a somewhat thin skeletal structure. (Dex +2, Stealth+)
You are agile. (Dex +2)
Your spells are a little harder to cast, but a little more powerful.


Message History

The wyvern bites you but does no damage.
You block the dream sheep's attack.
Unknown command.
You hit the dream sheep. You freeze the dream sheep.
The dream sheep is severely wounded.
You slash the wyvern! You freeze the wyvern.
You kill the wyvern!
Okawaru accepts your kill.
The dream sheep bites you but does no damage.
Unknown command.
You slash the dream sheep! You freeze the dream sheep.
You kill the dream sheep!
Okawaru accepts your kill.
You hit the lindwurm but do no damage. You block the lindwurm's attack. x3
Unknown command.
You block the lindwurm's attack. x3
You see here a dream sheep corpse.
Unknown command.
The lindwurm breathes flames at you. The blast of flame hits you!!
You block the lindwurm's attack. x3
The lindwurm breathes flames at you. The blast of flame hits you!
The lindwurm bites you but does no damage.
The lindwurm claws you but does no damage.
You block the lindwurm's attack.
You completely miss the lindwurm. You block the lindwurm's attack. x3
Your plate armour of the Planets prevents you from hitting the lindwurm.
The lindwurm breathes flames at you.
The blast of flame hits you but does no damage.
You closely miss the lindwurm. You block the lindwurm's attack. x3
You barely miss the lindwurm. You block the lindwurm's attack.
The lindwurm claws you but does no damage. x2
You hit the lindwurm but do no damage. The lindwurm bites you.
The lindwurm claws you. You block the lindwurm's attack.
You slash the lindwurm! You freeze the lindwurm.
The lindwurm is moderately wounded.
The lindwurm breathes flames at you. The blast of flame hits you!!!
You die...

PP.## ... P..#.##
.P# .PP...##..#
.P.....P## #
........# #.#P
##.....#
#....#....#
#.......@.##
###.P.#†k#.##P..
#.. #.†.#.#P.. ##
##....≈≈..
#####......≈..
####........≈≈≈≈≈≈
#..........≈≈≈≈≈≈≈
#....(....≈≈≈≈≈≈≈≈
#........≈≈≈≈≈..≈≈


You could see a lindwurm (catching breath).

Vanquished Creatures
  4 hydras
  An ice dragon (Lair:2)
  A two-headed ogre (D:9)
  3 death yaks (Lair:4)
  Urug (D:10)
  A bog body (Lair:3)
  8 cane toads
  2 black mambas
  An ice statue (Lair:2)
  2 rime drakes
  3 komodo dragons
  3 trolls
  Grinder (D:5)
  2 polar bears
  A hornet (Lair:4)
  6 dream sheep (Lair:6)
  Prince Ribbit (D:5)
  5 blink frogs (Lair:3)
  23 yaks
  7 wyverns
  2 basilisks (D:10)
  Edmund (D:4)
  3 swamp worms (Lair:3)
  An acid dragon (D:10)
  3 nagas (Lair:2)
  5 water moccasins
  3 black bears (D:5)
  4 orc warriors
  Purgy (Sewer)
  3 ogres
  5 wolves
  10 ice beasts
  A necrophage (D:7)
  A phantom (D:6)
  3 centaurs
  11 bullfrogs
  5 scorpions
  3 gnoll sergeants (D:10)
  A wyvern zombie (D:7)
  A water moccasin skeleton (D:6)
  8 wights (D:9)
  4 electric eels
  3 howler monkeys
  4 centaur zombies
  A bullfrog zombie (D:6)
  5 hounds
  4 orc priests
  3 gnoll shamans
  Natasha (thrice) (D:2)
  3 iguanas
  10 orc wizards
  A scorpion zombie (D:5)
  A killer bee zombie (D:5)
  31 gnolls
  5 adders
  A shadow imp (D:7)
  A white imp (Lair:2)
  4 ufetubi (D:6)
  An adder skeleton (D:4)
  5 worms
  3 dart slugs
  24 orcs
  8 endoplasms
  3 giant cockroaches
  5 goblins
  4 hobgoblins
  12 jackals
  2 quokkas
  10 ball pythons
  5 bats
  4 frilled lizards
  6 kobolds
  7 rats
  A butterfly (Lair:1)
335 creatures vanquished.

Vanquished Creatures (others)
  A centaur (D:6)
  13 fungi
  16 plants
30 creatures vanquished.

Grand Total: 365 creatures vanquished

Notes
Turn   | Place    | Note
-------+----------+-------------------------------------------
     0 | D:1      | bande the Gargoyle Fighter began the quest for the Orb.
     0 | D:1      | Reached XP level 1. HP: 14/14 MP: 1/1
   132 | D:1      | Reached XP level 2. HP: 18/19 MP: 2/2
   699 | D:2      | Found Doqolod's Assorted Antiques.
   708 | D:1      | Reached XP level 3. HP: 19/23 MP: 3/3
   889 | D:2      | Found Fivvausa's Jewellery Shop.
   939 | D:2      | Found Fameguips's Weapon Shoppe.
  1165 | D:2      | You fall into a shaft and drop 1 floor!
  1374 | D:3      | Noticed a scorpion
  1383 | D:3      | Killed a scorpion
  1384 | D:3      | Reached skill level 1 in Dodging
  1384 | D:3      | Reached XP level 4. HP: 26/29 MP: 4/4
  1469 | D:2      | Reached XP level 5. HP: 30/33 MP: 5/5
  1865 | D:2      | Noticed Natasha
  1876 | D:2      | Killed Natasha
  2051 | D:2      | Noticed Natasha
  2057 | D:2      | Killed Natasha
  2080 | D:2      | Noticed Natasha
  2092 | D:2      | Killed Natasha
  2479 | D:3      | Reached XP level 6. HP: 38/38 MP: 6/6
  2682 | D:3      | Found a faded altar of an unknown god.
  3656 | D:4      | Reached XP level 7. HP: 16/43 MP: 7/7
  3853 | D:4      | Noticed Edmund
  3863 | D:4      | Killed Edmund
  3864 | D:4      | Reached skill level 5 in Axes
  4078 | D:4      | Reached skill level 5 in Armour
  4584 | D:5      | Entered Level 5 of the Dungeon
  4764 | D:5      | Noticed Grinder
  4783 | D:5      | Reached XP level 8. HP: 43/48 MP: 8/8
  4824 | D:5      | Found a glowing drain.
  4829 | D:5      | Paralysed by Grinder for 5 turns
  4845 | Sewer    | Entered a sewer
  4995 | Sewer    | Noticed Purgy
  5025 | Sewer    | Killed Purgy
  5026 | Sewer    | Reached skill level 5 in Shields
  5318 | D:5      | Paralysed by Grinder for 3 turns
  5328 | D:5      | Paralysed by Grinder for 4 turns
  5339 | D:5      | Paralysed by Grinder for 3 turns
  5355 | D:5      | Killed Grinder
  5356 | D:5      | Reached skill level 5 in Fighting
  5635 | D:5      | Gained mutation: You are partially covered in iridescent
                  | scales. (AC +2) [potion of mutation]
  5635 | D:5      | Gained mutation: You have a somewhat thin skeletal
                  | structure. (Dex +2, Stealth+) [potion of mutation]
  5635 | D:5      | Gained mutation: Your spells are a little harder to cast,
                  | but a little more powerful. [potion of mutation]
  5635 | D:5      | Gained mutation: You are agile. (Dex +2) [potion of
                  | mutation]
  5651 | D:5      | Noticed Prince Ribbit
  5676 | D:5      | Killed Prince Ribbit
  5677 | D:5      | Reached XP level 9. HP: 28/54 MP: 9/9
  5827 | D:5      | Found a staircase to the Ecumenical Temple.
  5836 | Temple   | Entered the Ecumenical Temple
  6112 | Temple   | Became a worshipper of Warmaster Okawaru
  6239 | D:5      | Found a glowing silver altar of Zin.
  6941 | D:6      | Reached skill level 1 in Invocations
  7084 | D:6      | Reached skill level 1 in Evocations
  7796 | D:7      | Reached * piety under Okawaru
  8364 | D:7      | Found a runed translucent gate.
  8364 | D:7      | Found a runed translucent gate.
  8365 | D:7      | Found a runed translucent gate.
  8365 | D:7      | Noticed Laraso's ghost (novice HuDe)
  8366 | D:7      | Found the +3 pair of seven-league boots {Rampage+∞}
  8367 | D:7      | Identified the +8 chain mail of Uzuwnoru {Drain +Inv Will-
                  | Regen+}
  8368 | D:7      | Identified the +10 trident of the Wasteland {vorpal, rF+}
  8410 | D:7      | Noticed a troll
  8426 | D:7      | Killed a troll
  9543 | D:8      | Reached ** piety under Okawaru
  9544 | D:8      | Reached XP level 10. HP: 59/60 MP: 12/12
 10308 | D:9      | Noticed a two-headed ogre
 10319 | D:9      | Killed a two-headed ogre
 10319 | D:9      | Reached *** piety under Okawaru
 10585 | D:9      | Reached **** piety under Okawaru
 10964 | D:10     | Entered Level 10 of the Dungeon
 10964 | D:10     | Found Maemup's Armour Shoppe.
 11822 | D:10     | Reached skill level 5 in Invocations
 11822 | D:10     | Reached XP level 11. HP: 51/66 MP: 14/14
 11899 | D:10     | Found Meanupept's General Store.
 11987 | D:10     | Reached ***** piety under Okawaru
 12175 | D:10     | Noticed Urug
 12195 | D:10     | Killed Urug
 12380 | D:10     | Paralysed by an orc for 4 turns
 12720 | D:10     | Found a staircase to the Lair.
 13479 | Lair:1   | Entered Level 1 of the Lair of Beasts
 13533 | Lair:1   | Found a runed translucent gate.
 13533 | Lair:1   | Found a runed translucent gate.
 13533 | Lair:1   | Found a runed translucent gate.
 13689 | Lair:1   | Received a gift from Okawaru
 13690 | Lair:1   | Reached skill level 10 in Axes
 13721 | Lair:1   | Noticed DocClef's ghost (journeyman GnDe)
 13724 | Lair:1   | Noticed a minotaur
 13818 | Lair:1   | Reached skill level 5 in Evocations
 14302 | Lair:2   | Found an iron altar of Okawaru.
 14326 | Lair:2   | Found a staircase to the Snake Pit.
 14614 | Lair:2   | Noticed a four-headed hydra
 14625 | Lair:2   | Killed a one-headed hydra
 15015 | Lair:2   | Noticed a five-headed hydra
 15034 | Lair:2   | Killed a two-headed hydra
 15035 | Lair:2   | Reached XP level 12. HP: 40/72 MP: 16/16
 15211 | Lair:2   | Noticed an ice dragon
 15235 | Lair:2   | Killed an ice dragon
 16068 | Lair:2   | Identified the ring of Ithruut {rN+ Str+2}
 16076 | Lair:2   | Reached skill level 10 in Shields
 16080 | Lair:2   | Got the Grimoire of Evil
 16089 | Lair:2   | Got the Grimoire of Dusty Feathers
 16400 | Lair:3   | Identified the +8 plate armour of the Planets {rC+ Dex+7}
                  | (Okawaru gifted it to you on level 3 of the Lair of Beasts)
 16400 | Lair:3   | Received a gift from Okawaru
 16922 | Lair:3   | Found a staircase to the Swamp.
 17349 | Lair:3   | Noticed a five-headed hydra
 17571 | Lair:2   | Killed a one-headed hydra
 17593 | Lair:3   | Identified a scroll of acquirement
 17991 | Lair:4   | Noticed a five-headed hydra
 18005 | Lair:4   | Killed a one-headed hydra
 18161 | Lair:4   | Reached XP level 13. HP: 74/79 MP: 17/19
 18205 | Lair:4   | Reached ****** piety under Okawaru
 18205 | Lair:4   | Received a gift from Okawaru
 18424 | Lair:4   | You are sucked into a shaft and drop 2 floors!
 18424 | Lair:6   | Entered Level 6 of the Lair of Beasts
 18487 | Lair:6   | Killed from afar by a lindwurm

Illustrated notes

Levels and vault maps discovered:
D:1:      mrwooster_arrival_arrow, layout_rooms
D:2:      kennysheep_six_static_rooms, layout_rooms, serial_shops,
          nicolae_shop_statue_plus, nicolae_shop_window_shopping,
          nicolae_shop_overgrown_old_shop, chequers_serial_rivers_small_b,
          minmay_misc_feat_doors, minmay_misc_feat_four_crosses, uniq_natasha
D:3:      layout_basic, chequers_ecumenical_altar_simple_redux, grunt_decor_cap,
          minmay_misc_feat_room, hangedman_decor_slide_cut,
          kennysheep_generic_room_14
D:4:      layout_basic, minmay_crossroads, uniq_edmund
D:5:      layout_basic, mainiacjoe_overflow_24_doors,
          minmay_temple_entry_gardened_gates, cheibrodos_sewer_entry_bend,
          uniq_grinder, uniq_prince_ribbit1
D:6:      layout_gridville, lemuel_flamethrower_2
D:7:      layout_basic, biasface_ghost_orc_armoury
D:8:      layout_rooms
D:9:      layout_roguey
D:10:     layout_cave_pools, erik_lair_dragon, serial_gnoll_camp,
          gnoll_camp_huts_moat, gnoll_camp_mini_shop, gnoll_camp_mini_shop,
          gnoll_camp_mini_loothouse, gnoll_camp_mini_hut, uniq_urug
Temple:   nicolae_temple_the_god_donut
Lair:1:   layout_roguey, maelrawn_ghost_gauntlet_escape, lemuel_fruit_fields
Lair:2:   layout_long_grid, minmay_snake_entry_guardpost_small,
          cheibrodos_lair_caveside_slide, minmay_holes, lemuel_altar_in_water2,
          ice2_lemuel
Lair:3:   layout_gridlike, nicolae_swamp_entry_splash_gauntlet
Lair:4:   layout_regular_city, lemuel_fruit_tree
Lair:6:   wormcave, layout_layer_cave, guppyfry_lair_end_dragon,
          infiniplex_staircase_pool_2, minmay_lair_oklob_chamber

Skill      XL: |  1  2  3  4  5  6  7  8  9 10 11 12 13 |
---------------+----------------------------------------+-----
Axes           | 2 3 4 5 7 8 9 10 11 | 11.8
Armour         | 4 5 6 7 8 |  8.5
Dodging        | 1 2 |  2.8
Shields        | 4 5 6 8 9 10 11 | 11.2
Fighting       | 4 5 6 7 8 |  8.8
Invocations    | 2 5 6 8 |  8.4
Evocations     | 2 4 5 6 7 |  7.1

Action                   |  1- 3 |  4- 6 |  7- 9 | 10-12 | 13-15 || total
-------------------------+-------+-------+-------+-------+-------++-------
Melee: War axe           |   110 |   160 |   375 |   623 |    74 ||  1342
       Battleaxe         |       |       |       |    21 |       ||    21
Invok: Heroism           |       |       |       |     1 |       ||     1
  Use: Potion            |       |     4 |     5 |     4 |     1 ||    14
       Scroll            |       |     3 |     6 |     8 |       ||    17
 Stab: Held in net/web   |       |       |       |     1 |       ||     1
Armor: Scale mail        |    69 |    90 |   206 |       |       ||   365
       Plate armour      |       |       |    26 |   416 |    44 ||   486
Dodge: Dodged            |    39 |    62 |   158 |   142 |    21 ||   422
Block: Kite shield       |    70 |    86 |   294 |   916 |   111 ||  1477
       Reflection        |       |       |     2 |    23 |       ||    25
       Other             |       |       |       |    11 |       ||    11

Table legend: (Time is in decaauts)
 A = Elapsed time spent in this place.
 B = Non-inter-level travel time spent in this place.
 C = Inter-level travel time spent in this place.
 D = Time resting spent in this place.
 E = Time spent auto-exploring this place.
 F = Levels seen in this place.
 G = Mean time per level.
                   A        B        C        D        E       F      G
               +--------+--------+--------+--------+--------+-----+--------+
         Total |  18934 |  18716 |    218 |   5428 |   9114 |  17 | 1113.8 |
       Dungeon |  13042 |  12824 |    218 |   3649 |   6115 |  10 | 1304.2 |
        Temple |    312 |    312 |      0 |      0 |    253 |   1 |  312.0 |
          Lair |   5050 |   5050 |      0 |   1724 |   2428 |   5 | 1010.0 |
         Sewer |    528 |    528 |      0 |     55 |    318 |   1 |  528.0 |
               +--------+--------+--------+--------+--------+-----+--------+

Top non-repeatable levels by time:
     D:7: 2155 daAuts
  Lair:2: 2076 daAuts
    D:10: 1702 daAuts
     D:9: 1535 daAuts
     D:4: 1352 daAuts
  Lair:3: 1340 daAuts
     D:2: 1331 daAuts
     D:3: 1280 daAuts
     D:5: 1228 daAuts
  Lair:1: 996 daAuts
     D:6: 926 daAuts
     D:1: 803 daAuts
     D:8: 728 daAuts
  Lair:4: 575 daAuts
   Sewer: 528 daAuts
